 Dungeon Crawl Stone Soup version 0.31-b1-22-gc680215f68 (webtiles) character file.

Game seed: 1164792189128806110

1286 Djon the Cleaver (level 8, 0/74 HPs)
             Began as a Hill Orc Fighter on Jan 18, 2024.
             Was an Initiate of Beogh.
             Slain by a two-headed ogre
             ... wielding a +0 dire flail
              (10 damage)
             ... on level 6 of the Dungeon.
             The game lasted 00:07:10 (4287 turns).

Djon the Cleaver (Hill Orc Fighter)                 Turns: 4287, Time: 00:07:11

Health: 0/74       AC: 14    Str: 19    XL:     8   Next: 55%
Magic:  0/1        EV:  7    Int: 10    God:    Beogh [......]
Gold:   270        SH:  4    Dex: 10    Spells: 7/7 levels left

rFire   . . .        z - +0 broad axe
rCold   . . .        c - +0 buckler
rNeg    . . .        x - +0 chain mail "Zor Ebru" {rPois MP-9 SInv}
rPois   +            (no helmet)
rElec   .            w - +0 cloak
rCorr   .            (no gloves)
SInv    +            (no boots)
Will    .....        (no amulet) Stlth
                     g - +4 ring of protection
HPRegen 0.32/turn    (no ring)
MPRegen 0.07/turn

%: no passive effects
@: no status effects
A: no striking features
a: Renounce Religion


You were on level 6 of the Dungeon.
You worshipped Beogh.
Beogh was noncommittal.
You visited 1 branch of the dungeon, and saw 6 of its levels.

You collected 312 gold pieces.
You spent 42 gold pieces at shops.

Inventory:

Hand Weapons
 z - a +0 broad axe (weapon)
Missiles
 a - 2 javelins (quivered)
Armour
 c - a +0 buckler (worn)
 v - a +1 scale mail of cold resistance
 w - a +0 cloak (worn)
 x - the +0 chain mail "Zor Ebru" (worn) {rPois MP-9 SInv}
   (You found it on level 5 of the Dungeon)

   rPois:     It protects you from poison MP-9: It affects your magic capacity
   (-9).
   SInv:      It lets you see invisible.
Jewellery
 g - a +4 ring of protection (left hand)
 q - a ring of wizardry
Talismans
 e - a flux talisman
Wands
 r - a wand of charming (7)
 u - a wand of iceblast (8)
Scrolls
 h - 3 scrolls of enchant weapon {unknown}
 i - 5 scrolls of identify {unknown}
 j - a scroll of butterflies {unknown}
 l - 3 scrolls of immolation {unknown}
 s - 2 scrolls of teleportation {unknown}
 y - 2 scrolls of vulnerability {unknown}
 A - a scroll of revelation {unknown}
Potions
 b - a potion of degeneration {unknown}
 d - 2 potions of might
 f - 3 potions of brilliance {unknown}
 k - a potion of enlightenment {unknown}
 m - 3 potions of curing
 n - 3 potions of lignification {unknown}
 o - a potion of magic {unknown}
 p - 2 potions of haste {unknown}
 t - a potion of resistance {unknown}


   Skills:
 + Level 7.7 Fighting
 * Level 10.7 Axes
 - Level 3.2 Armour
 - Level 3.2 Shields
 + Level 2.8 Invocations


You had 7 spell levels left.
You didn't know any spells.
Your spell library contained the following spells:

 Spells                   Type           Power      Damage    Failure   Level
 Ensorcelled Hibernation  Hex/Ice        0%         N/A       99%         2
 Fugue of the Fallen      Necr           0%         N/A       100%        3
 Ozocubu's Armour         Ice            0%         N/A       100%        3
 Anguish                  Hex/Necr       0%         N/A       100%        4
 Metabolic Englaciation   Hex/Ice        0%         N/A       100%        5
 Sculpt Simulacrum        Ice/Alch       0%         N/A       100%        6


Dungeon Overview and Level Annotations

Branches:
Dungeon (6/15)             Temple (0/1) D:4

Altars:
Elyvilon
Hepliaklqana
Uskayaw
Yredelemnul
Zin
The Shining One

Shops:
D:2 *


Message History

The two-headed ogre is no longer charmed.
The two-headed ogre hits you with a +0 dire flail.
The two-headed ogre barely misses you.
You barely miss the two-headed ogre. You barely miss the two-headed ogre.
The two-headed ogre closely misses you.
The two-headed ogre hits you but does no damage.
You slash the two-headed ogre!
The two-headed ogre is lightly wounded.
You block the two-headed ogre's attack.
The two-headed ogre hits you with a +0 giant club!
You slice the two-headed ogre!!
The two-headed ogre is heavily wounded.
The two-headed ogre hits you with a +0 dire flail!
The two-headed ogre hits you with a +0 giant club!
You slash the two-headed ogre!
The two-headed ogre is severely wounded.
You slice the two-headed ogre!!
The two-headed ogre is almost dead.
The two-headed ogre hits you but does no damage.
The two-headed ogre hits you with a +0 giant club!
You barely miss the two-headed ogre.
The two-headed ogre is almost dead.
The two-headed ogre hits you with a +0 dire flail.
* * * LOW HITPOINT WARNING * * *
The two-headed ogre barely misses you.
You hit the two-headed ogre but do no damage.
The two-headed ogre is almost dead.
The two-headed ogre hits you with a +0 dire flail!
* * * LOW HITPOINT WARNING * * *
The two-headed ogre closely misses you.
You barely miss the two-headed ogre.
The two-headed ogre is almost dead.
You hit the two-headed ogre.
The two-headed ogre is almost dead.
The two-headed ogre hits you but does no damage.
You block the two-headed ogre's attack.
You closely miss the two-headed ogre.
The two-headed ogre is almost dead.
The two-headed ogre hits you with a +0 dire flail!
You die...

#....####.###+###...##
.............#.....#.
.#.....^.......#.....#.
'.............'>....#.
#.............#.....'.
#.............#.....#. #
#...##.##..##.####..##
##'##...##.##..##.####'###
#........@O..........#....
#....................#....
#..../...............#....
#....................#..<.
#....................#....
#...................##...#
##.##+####..........##...#
# #...#..#...##...#
#############...#


You could see a two-headed ogre.

Vanquished Creatures
  An ogre (D:5)
  2 phantoms (D:5)
  A bullfrog (D:6)
  4 scorpions
  5 killer bees
  2 bombardier beetles
  An orc priest (D:6)
  2 hounds
  A jelly (D:5)
  Ijyb (D:3)
  3 iguanas
  2 orc wizards (D:4)
  4 adders
  A white imp (D:6)
  2 ufetubi (D:6)
  2 dart slugs
  2 ribbon worms
  5 orcs
  8 ball pythons
  3 endoplasms (D:1)
  2 giant cockroaches
  4 goblins
  A hobgoblin (D:2)
  7 kobolds
  2 quokkas
  4 bats
  5 frilled lizards
  5 rats
82 creatures vanquished.

Vanquished Creatures (collateral kills)
  A phantom (D:6)
  An ufetubus (D:6)
2 creatures vanquished.

Vanquished Creatures (others)
  An orc (D:6)
1 creature vanquished.

Grand Total: 85 creatures vanquished

Notes
Turn   | Place    | Note
-------+----------+-------------------------------------------
     0 | D:1      | Djon the Hill Orc Fighter began the quest for the Orb.
     0 | D:1      | Reached XP level 1. HP: 19/19 MP: 1/1
    50 | D:1      | Reached skill level 3 in Axes
    94 | D:1      | Reached XP level 2. HP: 27/27 MP: 2/2
   490 | D:1      | Reached skill level 4 in Axes
   590 | D:2      | Reached XP level 3. HP: 32/33 MP: 3/3
   759 | D:2      | Found Sisken's General Store.
   779 | D:2      | Bought a potion of curing for 42 gold pieces
  1253 | D:3      | Noticed a +0 spear
  1253 | D:3      | Noticed a +0 spear
  1259 | D:3      | Noticed Ijyb
  1360 | D:3      | Killed Ijyb
  1361 | D:3      | Reached skill level 5 in Axes
  1361 | D:3      | Reached XP level 4. HP: 37/41 MP: 4/4
  1539 | D:3      | Found a hazy altar of Hepliaklqana.
  1634 | D:3      | Noticed a +0 falchion
  1634 | D:3      | Noticed a +0 dagger
  1634 | D:3      | Noticed a +0 dagger
  1634 | D:3      | Noticed a +0 short sword
  1634 | D:3      | Noticed a +0 falchion
  1634 | D:3      | Noticed a +0 short sword
  1666 | D:3      | Found a hide-covered altar of Uskayaw.
  1855 | D:4      | Reached XP level 5. HP: 36/47 MP: 5/5
  1950 | D:4      | Found a staircase to the Ecumenical Temple.
  2012 | D:4      | Reached skill level 5 in Fighting
  2081 | D:4      | Reached skill level 6 in Axes
  2681 | D:4      | Found a glowing silver altar of Zin.
  2681 | D:4      | Found a glowing golden altar of the Shining One.
  2682 | D:4      | Found a white marble altar of Elyvilon.
  2756 | D:5      | Entered Level 5 of the Dungeon
  2757 | D:5      | Noticed an ogre
  2775 | D:4      | Reached XP level 6. HP: 14/56 MP: 6/6
  2952 | D:4      | Reached skill level 7 in Axes
  3028 | D:5      | Identified the +0 chain mail "Zor Ebru" {rPois MP-9 SInv}
  3161 | D:5      | Reached skill level 8 in Axes
  3161 | D:5      | Reached XP level 7. HP: 57/63 MP: 0/7
  3345 | D:5      | Reached skill level 9 in Axes
  3589 | D:5      | Identified the +6 whip "Killer Klown's Curse" {freeze,
                  | rPois Will+++ Str-2 Dex+3}
  3735 | D:6      | Became a worshipper of Beogh the Brigand
  3743 | D:6      | Reached XP level 8. HP: 49/73 MP: 0/8
  3746 | D:6      | Reached skill level 10 in Axes
  3746 | D:6      | Reached skill level 1 in Invocations
  3985 | D:6      | Found a basalt altar of Yredelemnul.
  4245 | D:6      | Noticed a two-headed ogre
  4287 | D:6      | Slain by a two-headed ogre

Illustrated notes

Levels and vault maps discovered:
D:1:      heliophobic_arrival_glass_houses, layout_rooms,
          nicolae_houndstooth_variations
D:2:      layout_loops_ring, serial_shops, shop, nicolae_wormholes
D:3:      layout_rooms, nicolae_uskayaw_en_pointe, nzn_hepliaklqana_mist_gate,
          uniq_ijyb
D:4:      layout_basic, good_gods_temple_1, minmay_temple_entry_fiery
D:5:      layout_cave_pools
D:6:      layout_gridville, mainiacjoe_overflow_concentric_impassable

Skill      XL: |  1  2  3  4  5  6  7  8 |
---------------+-------------------------+-----
Axes           | 3 4 5 6 8 9 10 | 10.7
Fighting       | 4 5 6 7 |  7.7
Invocations    | 2 |  2.8
Armour         | |  3.2
Shields        | |  3.2

Action                     |  1- 3 |  4- 6 |  7- 9 || total
---------------------------+-------+-------+-------++-------
  Melee: War axe           |   130 |   119 |       ||   249
         Broad axe         |       |     6 |   108 ||   114
 Invoke: Convert to Beogh  |       |       |     1 ||     1
  Evoke: Wand              |       |       |     5 ||     5
    Use: Potion            |       |       |     1 ||     1
 Armour: Scale mail        |    99 |    37 |       ||   136
         Ring mail         |       |    28 |       ||    28
         Chain mail        |       |    13 |   183 ||   196
  Dodge: Dodged            |    71 |    50 |    80 ||   201
  Block: Buckler           |    24 |    20 |    43 ||    87
